 Dungeon Crawl Stone Soup version 0.25.0-9-g26727b657a (webtiles) character file.

Game seed: 11303588958975666295

112 Delamore the Cudgeler (level 4, -4/28 HPs)
             Began as a Gargoyle Fighter on June 17, 2020.
             Killed from afar by a white imp (7 damage)
             ... with a puff of frost
             ... summoned by Natasha
             ... on level 2 of the Dungeon.
             The game lasted 00:00:59 (1507 turns).

Delamore the Cudgeler (Gargoyle Fighter)            Turns: 1507, Time: 00:00:59

Health: -4/28      AC: 10    Str: 20    XL:     4   Next: 93%
Magic:  4/4        EV:  7    Int:  9    God:
Gold:   134        SH:  9    Dex:  9    Spells: 3/3 levels left

rFire    . . .     SeeInvis .   a - +0 flail
rCold    . . .     Gourm    .   c - +0 kite shield
rNeg     + . .     Faith    .   b - +0 scale mail
rPois    ∞         Spirit   .   (no helmet)
rElec    +         Reflect  .   (no cloak)
rCorr    .         Harm     .   (no gloves)
MR       .....                  (no boots)
Stlth    ..........             (no amulet)
HPRegen  0.09/turn              (no ring)
MPRegen  0.09/turn              (no ring)

@: slowed, very slow
A: negative energy resistance 1, electricity resistance, unbreathing,
petrification resistance, rot immunity, AC +3
a: no special abilities


You were on level 2 of the Dungeon.
You were not hungry.

You visited 1 branch of the dungeon, and saw 2 of its levels.

You collected 134 gold pieces.

Inventory:

Hand Weapons
 a - a +0 flail (weapon)
Armour
 b - a +0 scale mail (worn)
 c - a +0 kite shield (worn)
Jewellery
 l - a +6 ring of strength
Scrolls
 h - a scroll of magic mapping {unknown}
 m - a scroll of identify {unknown}
 n - 3 scrolls of amnesia {unknown}
 o - a scroll of enchant weapon {unknown}
Potions
 d - 2 potions of might
 e - a potion of berserk rage {unknown}
 g - 3 potions of mutation {unknown}
 i - a potion of stabbing {unknown}
 j - a potion of curing {unknown}
 k - 2 potions of lignification {unknown}
 p - a potion of heal wounds {unknown}
Comestibles
 f - 3 rations
 q - 2 chunks of flesh


   Skills:
 - Level 3.2 Fighting
 + Level 4.9 Maces & Flails
 - Level 3.2 Armour
 - Level 3.2 Shields


You had 3 spell levels left.
You didn't know any spells.
Your spell library was empty.

Dungeon Overview and Level Annotations

Branches:
Dungeon (2/15)

Altars:

Annotations:
D:2 Natasha


Innate Abilities, Weirdness & Mutations

You are resistant to torment.
Your stone body is resilient. (AC +3)
You are immune to poison.
You resist negative energy. (rN+)
You are resistant to electric shocks. (rElec)
You can survive without breathing.
You are immune to petrification.
You are immune to rotting.


Message History

You are too injured to fight recklessly!
You are too injured to fight recklessly!
You are too injured to fight recklessly!
You are too injured to fight recklessly!
You are too injured to fight recklessly!
You are too injured to fight recklessly!
You are too injured to fight recklessly!
You are too injured to fight recklessly!
You barely miss Natasha.
Natasha is lightly wounded.
The white imp hits you.
* * * LOW HITPOINT WARNING * * *
The white imp freezes you.
* * * LOW HITPOINT WARNING * * *
You block the white imp's attack.
Natasha mumbles some strange words.
The white imp hits you but does no damage.
The white imp gestures at you. The puff of frost hits you!
You die...

......#..# #........
......#..###............
......#.................
......#.####............
..........).....^........
#.###...####..............
#.# #...# #....5.........
#.###...####....h5........
#.##....##.....5@.........
#.##........####..........
#....###.##.# #.........#
....####.##.#####.......#
#..................†.####
.........#..####...†..#
.......###.##....###..#
.......###.#..#### ..#
......###....## .#


You could see Natasha, a crimson imp (summoned) and 2 white imps.

Vanquished Creatures
  Natasha (D:2)
  A gnoll (D:1)
  4 adders (D:2)
  A worm (D:2)
  A dart slug (D:2)
  A leopard gecko (D:1)
  A ball python (D:2)
  2 giant cockroaches (D:2)
  5 goblins
  3 hobgoblins
  6 kobolds
  A quokka (D:2)
  5 bats
  A frilled lizard (D:2)
  A rat (D:2)
34 creatures vanquished.

Notes
Turn   | Place    | Note
-------+----------+-------------------------------------------
     0 | D:1      | Delamore the Gargoyle Fighter began the quest for the Orb.
     0 | D:1      | Reached XP level 1. HP: 14/14 MP: 1/1
    50 | D:1      | Reached XP level 2. HP: 2/19 MP: 2/2
   418 | D:1      | Reached skill level 3 in Maces & Flails
   924 | D:2      | Reached XP level 3. HP: 19/23 MP: 3/3
  1222 | D:2      | Reached skill level 4 in Maces & Flails
  1224 | D:2      | Reached XP level 4. HP: 20/28 MP: 4/4
  1477 | D:2      | Noticed Natasha
  1491 | D:2      | Killed Natasha
  1499 | D:2      | Noticed Natasha
  1507 | D:2      | Killed from afar by a white imp

Illustrated notes

Levels and vault maps discovered:
D:1:      mrwooster_arrival_arrow, layout_basic
D:2:      layout_rooms, chequers_serial_rivers_large_a, uniq_natasha

Skill      XL: |  1  2  3 |
---------------+----------+-----
Maces & Flails | 3 4 |  4.9
Fighting       | |  3.2
Armour         | |  3.2
Shields        | |  3.2

Action                   |  1- 3 |  4- 6 || total
-------------------------+-------+-------++-------
Melee: Flail             |   113 |    66 ||   179
  Eat: Chunk             |     1 |     1 ||     2
Armor: Scale mail        |    95 |    44 ||   139
Dodge: Dodged            |    41 |    23 ||    64
Block: Kite shield       |    76 |    34 ||   110
